 Dungeon Crawl Stone Soup version 0.19-a0-628-g9200b3b (webtiles) character file.

479 georgeearnest the Skirmisher (level 7, -5/61 HPs)
             Began as a Hill Orc Fighter on June 13, 2016.
             Slain by an ogre
             ... wielding a +0 giant spiked club
              (24 damage)
             ... on level 5 of the Dungeon.
             The game lasted 00:03:10 (3140 turns).

georgeearnest the Skirmisher (Hill Orc Fighter)     Turns: 3140, Time: 00:03:11

Health: -5/61      AC:  7    Str: 26    XL:     7   Next: 11%
Magic:  7/7        EV:  9    Int:  8    God:
Gold:   157        SH: 10    Dex: 10    Spells: 0 memorised, 6 levels left

rFire  . . .     SeeInvis .     a - +0 war axe
rCold  . . .     Gourm    .     b - +0 scale mail
rNeg   . . .     Faith    .     c - +0 shield
rPois  .         Spirit   .     (no helmet)
rElec  .         Dismiss  .     (no cloak)
rCorr  .         Reflect  .     (no gloves)
SustAt .         Harm     .     (no boots)
MR     .....                    v - amulet of regeneration
Stlth  ..........               (no ring)
                                (no ring)

@: mighty, not resistant to hostile enchantments, extremely unstealthy
A: no striking features
a: no special abilities


You were on level 5 of the Dungeon.
You were not hungry.

You visited 1 branch of the dungeon, and saw 5 of its levels.

You collected 157 gold pieces.

Inventory:

Hand Weapons
 a - a +0 war axe (weapon)
Armour
 b - a +0 scale mail (worn)
 c - a +0 shield (worn)
Jewellery
 i - an uncursed ring of stealth {unknown}
 v - an amulet of regeneration (around neck)
Wands
 u - a wand of paralysis (13/24)
Scrolls
 e - 5 scrolls of amnesia {unknown}
 g - 3 scrolls of identify {unknown}
 j - 2 scrolls of teleportation {unknown}
 n - a scroll of recharging {unknown}
 s - 2 scrolls of random uselessness {unknown}
 x - 3 scrolls of enchant weapon {unknown}
 y - 2 scrolls of fog {unknown}
Potions
 f - 2 potions of degeneration {unknown}
 h - 3 potions of curing {unknown}
 k - a potion of invisibility {unknown}
 l - a potion of flight {unknown}
 p - 3 potions of magic {unknown}
 q - a potion of lignification {unknown}
 r - 2 potions of agility {unknown}
 t - a potion of berserk rage {unknown}
Comestibles
 o - 3 meat rations
 w - a bread ration


   Skills:
 + Level 5.2 Fighting
 + Level 4.9 Axes
 + Level 4.7 Armour
 + Level 2.1 Dodging
 + Level 0.5 Stealth
 + Level 5.0 Shields


You had 6 spell levels left.
You didn't know any spells.

Dungeon Overview and Level Annotations

Branches:
Dungeon (5/15)
 Temple: D:4-7

Altars:


Message History

The ogre hits you with a giant spiked club!
You closely miss the ogre.
The ogre is lightly wounded.
You block the ogre's attack.
You slash the ogre!
The ogre is heavily wounded.
The ogre hits you with a giant spiked club.
You hit the ogre.
The ogre is heavily wounded.
The ogre hits you with a giant spiked club!
You hit the ogre.
The ogre is severely wounded.
The ogre hits you with a giant spiked club!
You barely miss the ogre.
The ogre is severely wounded.
You block the ogre's attack.
You feel very mighty all of a sudden. The worm bites you!
The ogre hits you with a giant spiked club!!
You die...

##. .. ## #.# ...## ..#
. #.... ##.###.
###...### ###......
........###### #........
.......@Ooo..###........
.......w#oo.............
........####.##.........
........# #..##........
........# ##...........
#.......# #...........
#........ #.............
#................#......
.......[.##...#.


You could see an ogre, a worm and 4 orcs.

Vanquished Creatures
  The ghost of Xiguana the Ruffian, an amateur VSMo of Cheibriados (D:4)
  A centaur (D:3)
  An iguana (D:4)
  Ijyb (D:2)
  2 worker ants (D:4)
  6 adders
  2 oozes
  4 worms
  4 giant geckos
  An orc (D:3)
  A ball python (D:4)
  2 giant cockroaches
  7 goblins
  10 hobgoblins
  3 jackals (D:1)
  A quokka (D:3)
  4 bats
  2 giant newts
  8 kobolds
  5 rats
66 creatures vanquished.

Notes
Turn   | Place    | Note
--------------------------------------------------------------
     0 | D:1      | georgeearnest the Hill Orc Fighter began the quest for the Orb.
     0 | D:1      | Reached XP level 1. HP: 19/19 MP: 1/1
    91 | D:1      | Reached XP level 2. HP: 25/27 MP: 2/2
   530 | D:2      | Reached XP level 3. HP: 33/33 MP: 3/3
  1182 | D:2      | Noticed Ijyb
  1191 | D:2      | Killed Ijyb
  1191 | D:2      | Reached skill level 1 in Dodging
  1191 | D:2      | Reached XP level 4. HP: 41/41 MP: 4/4
  1806 | D:3      | Noticed a centaur
  1814 | D:3      | Killed a centaur
  1814 | D:3      | Reached XP level 5. HP: 13/47 MP: 5/5
  2509 | D:4      | Noticed Xiguana's ghost (amateur VSMo)
  2520 | D:4      | Killed Xiguana's ghost
  2520 | D:4      | Reached skill level 5 in Fighting
  2520 | D:4      | Reached XP level 6. HP: 52/56 MP: 6/6
  2891 | D:4      | Reached XP level 7. HP: 53/61 MP: 7/7
  2910 | D:4      | Reached skill level 5 in Shields
  3094 | D:5      | Entered Level 5 of the Dungeon
  3140 | D:5      | Slain by an ogre

Vault maps used:
D:1:      roderic_crop_circles_arrival_small, dk_noncrumbling_4,
          serial_bayou_pond_b, minmay_misc_feat_alley
D:2:      uniq_iyjb
D:4:      first_bread, minmay_misc_feat_tiny
D:5:      nicolae_ru_awakened_eye, minmay_temple_entry_purple_smoke

Skill      XL: |  1  2  3  4  5  6  7 |
---------------+----------------------+-----
Fighting       | 4 5 |  5.2
Axes           | 3 4 |  4.9
Dodging        | 1 2 |  2.1
Armour         | 4 |  4.7
Shields        | 4 5 |  5.0
Stealth        | |  0.5

Action                   |  1- 3 |  4- 6 |  7- 9 || total
-------------------------+-------+-------+-------++-------
Melee: War axe           |   109 |   144 |    10 ||   263
  Use: Potion            |       |     1 |     1 ||     2
  Eat: Bread ration      |     1 |       |       ||     1
       Fruit             |       |     1 |       ||     1
       Pizza             |       |     1 |       ||     1
       Royal jelly       |       |       |     1 ||     1
Armor: Scale mail        |    60 |    39 |     3 ||   102
Dodge: Dodged            |    44 |    56 |     1 ||   101
Block: Shield            |    52 |    70 |     3 ||   125
